 Dungeon Crawl Stone Soup version 0.22-a0-525-gf69a080 (webtiles) character file.

3041 kae the Martial Artist (level 9, -25/69 HPs)
             Began as a Demonspawn Transmuter on June 20, 2018.
             Killed from afar by a fire giant (31 damage)
             ... with a bolt of fire
             ... on level 9 of the Dungeon.
             The game lasted 00:10:10 (9492 turns).

kae the Martial Artist (Demonspawn Transmuter)      Turns: 9492, Time: 00:10:11

Health: -25/69     AC:  6    Str: 13    XL:     9   Next: 56%
Magic:  0/17       EV: 14    Int: 14    God:
Gold:   335        SH:  0    Dex: 17    Spells: 8/19 levels left

rFire    . . .     SeeInvis .     - Unarmed
rCold    . . .     Gourm    .   (shield currently unavailable)
rNeg     + + .     Faith    .   b - +1 robe
rPois    .         Spirit   +   c - +0 helmet
rElec    .         Reflect  .   (no cloak)
rCorr    .         Harm     .   (gloves currently unavailable)
MR       .....                  (no boots)
Stlth    +.........             x - amulet of magic regeneration (curse)
HPRegen  0.21/turn              s - ring of wizardry
MPRegen  0.55/turn              C - ring "Tauciff" {*Contam rN++ EV+2 Str+2}

@: blade hands, very slightly contaminated, invisible
A: hooves 2, thin metallic scales 1, demonic guardian 1, magic shield, magic
regeneration
a: End Transformation


You were on level 9 of the Dungeon.
You were very hungry.
You had blades for hands.
You visited 1 branch of the dungeon, and saw 9 of its levels.

You collected 335 gold pieces.

Inventory:

Missiles
 a - 153 arrows
Armour
 b - a +1 robe (worn)
 c - a +0 helmet (worn)
Jewellery
 e - an uncursed ring of protection from cold
 s - a ring of wizardry (left scythe-like blade)
 w - an uncursed ring of protection from cold
 x - a cursed amulet of magic regeneration (around neck)
 C - the ring "Tauciff" (right scythe-like blade) {*Contam rN++ EV+2 Str+2}
   (You found it on level 8 of the Dungeon)

   [ring of evasion]

   It affects your evasion (+2).
   It affects your strength (+2).
   It greatly protects you from negative energy.
   It causes magical contamination when unequipped.
Wands
 t - a wand of polymorph (8)
 y - a wand of iceblast (5)
Scrolls
 j - 2 scrolls of amnesia
 k - a scroll of immolation {unknown}
 l - 2 scrolls of magic mapping
 n - 2 scrolls of remove curse
 q - 5 scrolls of fog
 r - 2 scrolls of teleportation
Potions
 f - a potion of lignification
 g - a potion of brilliance
 h - a potion of magic
 i - a potion of haste {unknown}
 p - a potion of flight
 v - a potion of curing
 A - a potion of heal wounds
 B - a potion of degeneration {unknown}
Comestibles
 d - 13 rations


   Skills:
 + Level 5.9 Fighting
 - Level 1.7 Dodging
 * Level 8.3 Unarmed Combat
 + Level 5.8 Spellcasting
 + Level 5.7 Transmutations


You had 8 spell levels left.
You knew the following spells:

 Your Spells              Type           Power        Failure   Level  Hunger
a - Beastly Appendage     Tmut           ###...       8%          1    None
b - Sticks to Snakes      Tmut           ###.....     9%          2    #......
c - Spider Form           Tmut/Pois      ##........   26%         3    ###....
d - Blade Hands           Tmut           ###.......   45%         5    ######.

Your spell library contained the following spells:

 Spells                   Type           Power        Failure   Level  Hunger
 Apportation              Tloc           #.....       26%         1    None
 Summon Small Mammal      Summ           #...         26%         1    None
 Animate Skeleton         Necr           N/A          26%         1    None
 Ice Form                 Ice/Tmut       ##......     52%         4    ####...
 Confusing Touch          Hex            #.....       26%         1    None


Dungeon Overview and Level Annotations

Branches:
Dungeon (9/15)
 Temple: D:4-7         Lair: D:8-11         Orc: D:9-12

Altars:
Ashenzari
Nemelex Xobeh
Xom

Shops:
D:7 [

Annotations:
D:3 Sigmund
D:5 1 runed door, Pawles22's ghost, novice MiMo


Innate Abilities, Weirdness & Mutations

You have hoof-like feet.
You are partially covered in thin metallic scales. (AC +2)
A weak demonic guardian rushes to your aid.
When hurt, damage is shared between your health and your magic reserves.
You regenerate magic rapidly.


Message History

Confirm with . or Enter, or press ? or * to list all spells.
Your hands turn into razor-sharp scythe blades.
You fade into invisibility!
You are very lightly contaminated with residual magic.
It was a potion of heal wounds.
You feel much better.
You swap places.
A cyclops and a skeleton come into view.
The fire giant points at you and mumbles some strange words.
The bolt of fire hits you!
The cyclops moves out of view.
You slice the fire giant!!
The fire giant is lightly wounded.
The fire giant hits you with a great sword of flaming!!!
* * * LOW HITPOINT WARNING * * *
The fire giant burns you!
* * * LOW HITPOINT WARNING * * *
You slice the fire giant!!
The fire giant is heavily wounded.
The fire giant casts a spell at you. The bolt of fire hits you!
You die...

.........#..##
.........#..#
........##..#
........##..#
............#
............#
............#
...###......##
### #....5@.##
##..ZC#5.#
#...#####
#..## #...
#... #.C ..
...


You could see a fire giant, a hound skeleton, a friendly white imp and a
friendly shadow imp.

Vanquished Creatures
  Pikel (D:5)
  A spriggan (D:8)
  A water moccasin (D:8)
  3 orc warriors
  A hornet zombie (D:8)
  2 phantoms
  An ogre (D:7)
  2 centaurs (D:9)
  A crocodile (D:9)
  A big kobold (D:9)
  3 bullfrogs
  3 scorpions
  5 killer bees (D:8)
  A howler monkey (D:9)
  A bullfrog zombie (D:9)
  3 crimson imps
  A centaur zombie (D:6)
  6 hounds
  A jelly (D:7)
  5 orc priests
  3 orc wizards
  A bullfrog skeleton (D:9)
  A worker ant (D:7)
  2 worker ant zombies
  5 adders
  4 gnolls (D:6)
  A shadow imp (D:7)
  An ooze (D:1)
  A worm (D:3)
  4 dart slugs
  3 leopard geckos
  20 orcs
  5 bats
  3 giant cockroaches
  7 hobgoblins
  5 jackals
  A quokka (D:4)
  2 frilled lizards (D:1)
  5 goblins
  14 kobolds
  3 rats
134 creatures vanquished.

Vanquished Creatures (collateral kills)
  A phantom (D:7)
  A bullfrog (D:6)
  2 adders
  An orc (D:8)
  2 quokkas
  A kobold (D:2)
  A rat (D:2)
9 creatures vanquished.

Vanquished Creatures (others)
  A slave (D:5)
  A crimson imp (D:5)
  An orc wizard (D:5)
  An adder (D:9)
  An orc (D:5)
  2 jackals (D:5)
7 creatures vanquished.

Grand Total: 150 creatures vanquished

Notes
Turn   | Place    | Note
-------+----------+-------------------------------------------
     0 | D:1      | kae the Demonspawn Transmuter began the quest for the Orb.
     0 | D:1      | Reached XP level 1. HP: 15/15 MP: 3/3
   226 | D:1      | Gained mutation: When hurt, damage is shared between your health and your magic reserves. [demonic ancestry]
   226 | D:1      | Reached XP level 2. HP: 21/21 MP: 3/5
   265 | D:1      | Reached skill level 3 in Unarmed Combat
   848 | D:1      | Gained mutation: A weak demonic guardian rushes to your aid. [demonic ancestry]
   848 | D:1      | Reached XP level 3. HP: 23/26 MP: 3/6
   854 | D:1      | Learned a level 2 spell: Sticks to Snakes
   858 | D:1      | Learned a level 3 spell: Spider Form
  1099 | D:2      | Found a shimmering altar of Xom.
  1839 | D:3      | Found a sparkling altar of Nemelex Xobeh.
  1867 | D:3      | Reached XP level 4. HP: 33/33 MP: 5/7
  2356 | D:3      | Noticed Sigmund
  2848 | D:4      | Gained mutation: You have large cloven feet. [demonic ancestry]
  2848 | D:4      | Reached XP level 5. HP: 30/38 MP: 6/9
  3234 | D:4      | Reached skill level 4 in Unarmed Combat
  3675 | D:5      | Entered Level 5 of the Dungeon
  3695 | D:5      | Noticed Pikel
  3696 | D:5      | Noticed a slave
  3696 | D:5      | Noticed a slave
  3696 | D:5      | Noticed a slave
  3696 | D:5      | Noticed a slave
  3720 | D:5      | Killed Pikel
  3720 | D:5      | Reached skill level 5 in Unarmed Combat
  3720 | D:5      | Gained mutation: You are partially covered in thin metallic scales. (AC +2) [demonic ancestry]
  3720 | D:5      | Reached XP level 6. HP: 13/47 MP: 2/11
  3720 | D:5      | Gained mutation: You regenerate magic rapidly. [demonic ancestry]
  3720 | D:5      | Reached XP level 7. HP: 14/52 MP: 2/12
  4198 | D:5      | Found a runed door.
  4199 | D:5      | Noticed Pawles22's ghost (novice MiMo)
  5667 | D:7      | Reached skill level 6 in Unarmed Combat
  5674 | D:7      | Gained mutation: You have hoof-like feet. [demonic ancestry]
  5674 | D:7      | Reached XP level 8. HP: 51/60 MP: 11/14
  6295 | D:7      | Found Usahoweo's Armour Shop.
  6563 | D:7      | Found a sparkling altar of Nemelex Xobeh.
  6822 | D:8      | Reached skill level 7 in Unarmed Combat
  6968 | D:8      | Learned a level 5 spell: Blade Hands
  7089 | D:8      | Reached skill level 5 in Fighting
  7089 | D:8      | Reached skill level 5 in Spellcasting
  7117 | D:8      | Reached skill level 5 in Transmutations
  7300 | D:8      | Got a flickering platinum ring
  7324 | D:8      | Reached XP level 9. HP: 51/68 MP: 11/16
  8098 | D:9      | Found a shattered altar of Ashenzari.
  8147 | D:9      | Noticed a fire giant
  8147 | D:9      | Noticed a deep troll
  8519 | D:8      | Identified the ring "Tauciff" {*Contam rN++ EV+2 Str+2} (You found it on level 8 of the Dungeon)
  8663 | D:9      | Reached skill level 8 in Unarmed Combat
  9490 | D:9      | Noticed a cyclops
  9492 | D:9      | Killed from afar by a fire giant

Vault maps used:
D:1:      dpeg_arrival_orchard, kennysheep_another_room
D:2:      overflow_temple_1_default, first_ration, minmay_goblin_kobold_house
D:3:      old_standard_altar, uniq_sigmund
D:4:      minmay_temple_entry_fiery, serial_bayou, serial_bayou_lagoon_a,
          serial_bayou_pond_d, serial_bayou_pond_a, serial_bayou_crossing
D:5:      gammafunk_ghost_grave, uniq_pikel
D:7:      serial_shops, shop, nemelex_spade_bored_becter
D:8:      grunt_ministairs_9, minmay_misc_feat_alley, the_bakery
D:9:      ashenzari_conservatory_becter, grunt_temple_overflow_diamond,
          jmf_multi_god_temple

Skill      XL: |  1  2  3  4  5  6  7  8  9 |
---------------+----------------------------+-----
Unarmed Combat | 3 5 6 7 8 |  8.3
Transmutations | 2 3 4 5 |  5.7
Fighting       | 2 3 4 5 |  5.9
Spellcasting   | 3 4 5 |  5.8
Dodging        | |  1.7

Action                   |  1- 3 |  4- 6 |  7- 9 || total
-------------------------+-------+-------+-------++-------
Melee: Unarmed           |   150 |    86 |   350 ||   586
       Kick              |    21 |     6 |    43 ||    70
       Punch             |     4 |     1 |     2 ||     7
 Cast: Beastly Appendage |    18 |     3 |       ||    21
       Sticks to Snakes  |     3 |     1 |     1 ||     5
       Spider Form       |       |     1 |    29 ||    30
       Blade Hands       |       |       |     1 ||     1
  Use: Scroll            |     4 |       |    17 ||    21
       Potion            |       |       |     2 ||     2
 Stab: Distracted        |     1 |       |     4 ||     5
       Sleeping          |       |       |     2 ||     2
  Eat: Chunk             |     3 |     6 |    14 ||    23
       Ration            |       |       |     2 ||     2
Armor: Robe              |    41 |    10 |    42 ||    93
       Skin              |       |     1 |     4 ||     5
Dodge: Dodged            |   120 |    58 |   275 ||   453

Table legend:
 A = Spawn XP
 B = Non-spawn XP
 C = Spawn XP percentage of total XP
 D = Spawn monster count
 E = Non-spawn monster count
 F = Spawn count percentage of total count
 G = Total turns spent on level
                    A         B        C        D         E        F      G
               +---------+---------+-------+---------+---------+-------+---------
         Total |       0 |    4345 |   0.0 |       0 |     143 |   0.0 |  9492
               +---------+---------+-------+---------+---------+-------+---------
           D:1 |       0 |      43 |   0.0 |       0 |      22 |   0.0 |  1082
           D:2 |       0 |      47 |   0.0 |       0 |      17 |   0.0 |   744
           D:3 |       0 |      28 |   0.0 |       0 |      10 |   0.0 |   718
           D:4 |       0 |     113 |   0.0 |       0 |       9 |   0.0 |  1131
           D:5 |       0 |     715 |   0.0 |       0 |      13 |   0.0 |  1087
           D:6 |       0 |     377 |   0.0 |       0 |      12 |   0.0 |   995
           D:7 |       0 |     651 |   0.0 |       0 |      17 |   0.0 |   927
           D:8 |       0 |    1360 |   0.0 |       0 |      22 |   0.0 |  1637
           D:9 |       0 |    1011 |   0.0 |       0 |      21 |   0.0 |  1171
               +---------+---------+-------+---------+---------+-------+---------
